 Dungeon Crawl Stone Soup version 0.32-a0-918-g0f22ef8d61 (webtiles) character file.

Game seed: 240420144576645959

9550 Chish the Skirmisher (level 11, -5/67 HPs)
             Began as a Kobold Hunter on Apr 11, 2024.
             Was a Believer of Sif Muna.
             Slain by a dream sheep (24 damage)
             ... led by a torpor snail
             ... on level 1 of the Lair of Beasts.
             The game lasted 00:59:27 (14160 turns).

Chish the Skirmisher (Kobold Hunter)               Turns: 14160, Time: 00:59:28

Health: -5/67      AC: 16    Str:  9    XL:     11   Next: 76%
Magic:  0/18       EV:  3    Int: 11    God:    Sif Muna [**....]
Gold:   641        SH:  0    Dex: 28    Spells: 3/19 levels left

rFire   . . .        a - +5 sling
rCold   . . .        (no shield)
rNeg    . . .        U - +0 leather armour of the Imp {Regen+ rCorr Dex+6}
rPois   +            N - +2 helmet
rElec   .            K - +2 cloak
rCorr   +            (no gloves)
SInv    .            M - +2 pair of boots
Will    +....        g - amulet of guardian spirit
Stlth   ++++++       q - ring of poison resistance
HPRegen 1.11/turn    R - ring of willpower
MPRegen 0.16/turn

%: guardian spirit
@: ice-armoured, sleeping, slowed
A: small, no large weapons, nightstalker 3
a: Renounce Religion, Channel Magic


You were on level 1 of the Lair of Beasts.
You worshipped Sif Muna.
Sif Muna was pleased with you.
You visited 3 branches of the dungeon, and saw 13 of its levels.

You collected 1437 gold pieces.
You spent 796 gold pieces at shops.

Inventory:

Hand Weapons
 a - a +5 sling (weapon)
 b - the +9 dagger of Honour {pain, Will+ rCorr SInv}
   (You found it on level 3 of the Dungeon)

   Will+:     It increases your willpower.
   SInv:      It lets you see invisible.
   rCorr:     It protects you from acid and corrosion.
 H - a +0 long sword
Missiles
 d - 18 poisoned darts
 v - 9 curare-tipped darts
 z - 3 boomerangs
 B - 2 atropa-tipped darts
 J - a throwing net
Armour
 c - a +3 leather armour of cold resistance
 h - a +2 robe
 K - a +2 cloak (worn)
 M - a +2 pair of boots (worn)
 N - a +2 helmet (worn)
 U - the +0 leather armour of the Imp (worn) {Regen+ rCorr Dex+6}
   (You found it on level 10 of the Dungeon)

   Dex+6:     It affects your dexterity (+6).
   Regen+:    It increases your rate of health regeneration.
   rCorr:     It protects you from acid and corrosion.
Magical Staves
 y - a staff of air
 L - a staff of alchemy
Jewellery
 g - an amulet of guardian spirit (around neck)
 k - a ring of flight
 o - a ring of see invisible
 q - a ring of poison resistance (left hand)
 Q - the ring of Cialusegg {*Corrode Fly rElec rF++ Dex+3}
   (You found it on level 9 of the Dungeon)

   [ring of flight]

   Dex+3:     It affects your dexterity (+3).
   rF++:      It greatly protects you from fire.
   rElec:     It insulates you from electricity.
   Fly:       It grants you flight.
   *Corrode:  It may corrode you when you take damage.
 R - a ring of willpower (right hand)
Talismans
 i - a beast talisman
Wands
 l - a wand of flame (15)
 w - a wand of quicksilver (17)
 C - a wand of roots (13)
 D - a wand of polymorph (9)
Scrolls
 m - 3 scrolls of teleportation
 u - a scroll of vulnerability
 E - a scroll of poison {unknown}
 G - 4 scrolls of fog
 O - a scroll of brand weapon {unknown}
 P - a scroll of blinking {unknown}
 S - a scroll of enchant armour
 V - 2 scrolls of immolation
Potions
 e - 4 potions of mutation {unknown}
 f - 2 potions of resistance {unknown}
 n - 2 potions of brilliance
 p - a potion of invisibility
 r - a potion of cancellation {unknown}
 x - a potion of enlightenment {unknown}
 A - 5 potions of curing
 F - a potion of haste {unknown}
 W - a potion of ambrosia {unknown}


   Skills:
 + Level 7.5 Fighting
 - Level 0.2 Short Blades
 + Level 10.8 Ranged Weapons
 + Level 0.9 Armour
 + Level 6.0 Dodging
 + Level 9.6 Stealth
 * Level 4.6 Spellcasting
 * Level 5.1 Conjurations
 - Level 3.2 Hexes
 + Level 3.0 Necromancy
 * Level 5.1 Fire Magic
 - Level 4.4 Ice Magic
 + Level 5.8 Evocations


You had 3 spell levels left.
You knew the following spells:

 Your Spells              Type           Power      Damage    Failure   Level
a - Ozocubu's Armour      Ice            12%        N/A       14%         3
b - Tukima's Dance        Hex            9%         N/A       24%         3
c - Flame Wave            Conj/Fire      13%        2d6       36%         4
d - Vampiric Draining     Necr           9%         2d6       26%         3
e - Inner Flame           Hex/Fire       11%        N/A       16%         3

Your spell library contained the following spells:

 Spells                   Type           Power      Damage    Failure   Level
 Scorch                   Fire           26%        2d6       5%          2
 Necrotise                Necr           36%        1d5       9%          1
 Frozen Ramparts          Ice            24%        1d4       14%         3
 Summon Small Mammal      Summ           8%         N/A       30%         1
 Mercury Vapours          Alch/Air       4%         N/A       41%         2
 Mephitic Cloud           Conj/Alch/Air  6%         N/A       41%         3
 Call Canine Familiar     Summ           2%         N/A       65%         3
 Summon Blazeheart Golem  Fire/Summ      8%         N/A       71%         4
 Martyr's Knell           Necr/Summ      5%         N/A       85%         4
 Metabolic Englaciation   Hex/Ice        5%         N/A       86%         5
 Freezing Cloud           Conj/Ice/Air   4%         6-21      92%         5
 Curse of Agony           Necr           9%         N/A       94%         5
 Leda's Liquefaction      Alch/Erth      1%         N/A       96%         4
 Passage of Golubria      Tloc           2%         N/A       96%         4
 Petrify                  Alch/Erth      2%         N/A       96%         4
 Irradiate                Conj/Alch      4%         3d13      96%         5
 Yara's Violent Unravell  Hex/Alch       3%         3d4       99%         5
 Sculpt Simulacrum        Ice/Alch       3%         N/A       100%        6
 Summon Cactus Giant      Summ           1%         N/A       100%        6
 Ozocubu's Refrigeration  Ice            6%         4d8       100%        7
 Ignition                 Fire           6%         3d4       100%        8
 Polar Vortex             Ice            6%         N/A       100%        9


Dungeon Overview and Level Annotations

Branches:
Dungeon (11/15) Zot: 26165  Temple (1/1) D:6 Zot: 5979    Lair (1/5) D:10 Zot: 4997
    Orc (0/2) D:9

Altars:
Ashenzari
Cheibriados
Dithmenos
Elyvilon
Fedhas
Gozag
Hepliaklqana
Kikubaaqudgha
Makhleb
Nemelex Xobeh
Okawaru
Qazlal
Ru
Sif Muna
Trog
Uskayaw
Vehumet
Wu Jian
Xom
Yredelemnul
Zin
The Shining One

Shops:
D:7 [

Annotations:
D:4 wandering!, Edmund
D:7 2 transporters
D:8 exclusion: hornet
D:9 4 runed translucent doors, 2 transporters, exclusions: howler monkey, shadow, 2 two-headed ogres, vampire mosquito and 2 yaks
D:10 exclusion: komodo dragon
Lair:1 exclusion: 2 black mambas


Innate Abilities, Weirdness & Mutations

You are small and have problems with some larger weapons.
You are completely attuned to the shadows.


Message History

You feel sick. The torpor snail completely misses you.
You feel better. The torpor snail barely misses you.
You shoot a sling bullet. The sling bullet hits the torpor snail!
The torpor snail is moderately wounded.
You hear a bleat!
The torpor snail barely misses you.
You hear a bleat! x2
You shoot a sling bullet.
The sling bullet hits the torpor snail but does no damage.
The torpor snail is moderately wounded.
The torpor snail bites you!
You shoot a sling bullet. The sling bullet hits the torpor snail.
The torpor snail is moderately wounded.
A dream sheep comes into view.
Okay, then.
Casting: Ozocubu's Armour (dangerous; 14% risk of failure)
Confirm with . or Enter, or press ? or * to list all spells.
Okay, then.
Okay, then.
Aiming: Fastroot
Press: ? - help, Shift-Dir - straight line, p - torpor snail The roots erupt in riotous growth!
Roots grab the torpor snail.
Roots grab the dream sheep.
The grasping roots constrict the torpor snail!
The grasping roots constrict the dream sheep!
The dream sheep struggles to escape constriction.
The torpor snail closely misses you.
The dream sheep escapes!
You shoot a sling bullet.
The sling bullet hits the torpor snail but does no damage.
The torpor snail is heavily wounded.
The grasping roots constrict the torpor snail.
The torpor snail bites you!
* * * LOW HITPOINT WARNING * * *
The dream sheep shakes its wool and sparkles.
You feel drowsy...
You fall asleep.
The grasping roots constrict the torpor snail.
You grasping roots sink back into the ground.
A dream sheep comes into view.
The dream sheep headbutts you!!
You die...

................#
.................
.................
.............S...
...........[.†.......
.....................
....................Y
................w....
................@Y#
..[..............##
..........#.....##
.........##....##
........#####.## ####
## ### #


You could see a torpor snail and 2 dream sheep.

Vanquished Creatures
  A centaur warrior (D:9)
  An oklob plant (D:10)
  2 black mambas (Lair:1)
  2 cane toads (Lair:1)
  A komodo dragon (Lair:1)
  A rime drake (D:10)
  A hornet (D:8)
  Grinder (D:4)
  A shadow (D:9)
  13 yaks
  A wyvern (D:10)
  A steam dragon (D:7)
  2 vampire mosquitoes (D:10)
  2 basilisks (Lair:1)
  2 water moccasins
  An orc warrior (D:7)
  2 sky beasts
  4 black bears
  3 centaurs
  A kobold brigand (D:10)
  A phantom (D:4)
  5 bullfrogs
  2 gnoll sergeants
  5 wights (D:8)
  6 killer bees (D:9)
  A howler monkey (D:5)
  5 electric eels (D:8)
  3 jellies
  2 hounds
  6 orc priests
  2 sleepcaps
  3 iguanas
  Natasha (D:3)
  A scorpion zombie (D:3)
  14 orc wizards
  2 hound skeletons (D:3)
  Robin (D:2)
  5 gnolls (D:7)
  7 adders
  An adder zombie (D:3)
  An adder skeleton (D:3)
  2 dart slugs
  A ribbon worm (D:2)
  35 orcs
  4 endoplasms
  5 giant cockroaches
  15 goblins
  13 hobgoblins
  3 quokkas
  8 ball pythons
  9 bats
  3 frilled lizards
  A giant cockroach zombie (D:3)
  8 kobolds
  3 rats
227 creatures vanquished.

Vanquished Creatures (collateral kills)
  An orc warrior (D:8)
1 creature vanquished.

Vanquished Creatures (others)
  5 dream sheep (D:4)
5 creatures vanquished.

Grand Total: 233 creatures vanquished

Notes
Turn   | Place    | Note
-------+----------+-------------------------------------------
     0 | D:1      | Chish the Kobold Hunter began the quest for the Orb.
     0 | D:1      | Reached XP level 1. HP: 12/12 MP: 1/1
    68 | D:1      | Reached XP level 2. HP: 18/18 MP: 2/2
   551 | D:1      | Reached XP level 3. HP: 20/22 MP: 3/3
   933 | D:2      | Noticed Robin
   936 | D:2      | As you read the scroll of butterflies, it crumbles to dust.
  1233 | D:2      | Reached skill level 6 in Ranged Weapons
  1274 | D:2      | Killed Robin
  1275 | D:2      | Reached XP level 4. HP: 18/27 MP: 4/4
  1607 | D:2      | HP: 1/27 [hobgoblin/+0 war axe[Robin] (8)]
  1800 | D:2      | Learned a level 3 spell: Ozocubu's Armour
  1876 | D:2      | Identified the +2 scale mail of Surprise {Str+4}
  2003 | D:3      | As you read the scroll labelled NIOSHR FUBLOYMOMIESK, it
                  | crumbles to dust.
  2003 | D:3      | It is a scroll of identify.
  2004 | D:3      | As you read the scroll of identify {@r1}, it crumbles to
                  | dust.
  2005 | D:3      | As you read the scroll of identify {@r1}, it crumbles to
                  | dust.
  2020 | D:3      | Reached XP level 5. HP: 32/32 MP: 5/5
  2310 | D:3      | Noticed Natasha
  2822 | D:4      | As you read the scroll of identify {@r1}, it crumbles to
                  | dust.
  2823 | D:4      | As you read the scroll of identify {@r1}, it crumbles to
                  | dust.
  2824 | D:4      | As you read the scroll of identify {@r1}, it crumbles to
                  | dust.
  2827 | D:4      | As you read the scroll of enchant weapon, it crumbles to
                  | dust.
  2827 | D:4      | your +3 sling glows red for a moment.
  2828 | D:4      | As you read the scroll of enchant weapon, it crumbles to
                  | dust.
  2828 | D:4      | your +4 sling glows red for a moment.
  2829 | D:4      | As you read the scroll of enchant armour, it crumbles to
                  | dust.
  2829 | D:4      | your +0 robe glows green for a moment.
  2830 | D:4      | As you read the scroll of enchant armour, it crumbles to
                  | dust.
  2830 | D:4      | your +1 robe glows green for a while.
  2878 | D:4      | Noticed Grinder
  2925 | D:4      | Noticed a dream sheep
  2925 | D:4      | Noticed a dream sheep
  2925 | D:4      | Noticed a dream sheep
  2925 | D:4      | Noticed a dream sheep
  2925 | D:4      | Noticed a dream sheep
  2925 | D:4      | Found a shimmering altar of Xom.
  2927 | D:4      | Killed a dream sheep
  2927 | D:4      | Killed a dream sheep
  2927 | D:4      | Killed a dream sheep
  2927 | D:4      | Killed a dream sheep
  2928 | D:4      | Killed a dream sheep
  2931 | D:5      | Entered Level 5 of the Dungeon
  3046 | D:5      | Reached skill level 1 in Ice Magic
  3046 | D:5      | Reached XP level 6. HP: 28/37 MP: 6/6
  3048 | D:5      | As you read the scroll of butterflies, it crumbles to dust.
  3129 | D:5      | Reached skill level 7 in Ranged Weapons
  3129 | D:5      | Reached skill level 5 in Stealth
  3344 | D:5      | As you read the scroll of identify {@r1}, it crumbles to
                  | dust.
  3405 | D:5      | Noticed a water moccasin
  3427 | D:5      | Noticed a black bear
  3476 | D:5      | As you read the scroll of identify {@r1}, it crumbles to
                  | dust.
  3519 | D:5      | Found a radiant altar of Vehumet.
  3637 | D:5      | Reached XP level 7. HP: 41/41 MP: 7/7
  3849 | D:6      | Found a staircase to the Ecumenical Temple.
  3855 | Temple   | Entered the Ecumenical Temple
  3861 | Temple   | Learned a level 3 spell: Tukima's Dance
  3868 | Temple   | Became a worshipper of Sif Muna the Loreminder
  4182 | D:6      | Found an iron altar of Okawaru.
  4197 | D:6      | HP: 10/43 [bullfrog (8)]
  4338 | D:6      | Reached skill level 1 in Spellcasting
  4445 | D:6      | Reached XP level 8. HP: 48/48 MP: 9/9
  4745 | D:7      | Found Sabbux's Antique Armour Shoppe.
  4841 | D:7      | Reached skill level 8 in Ranged Weapons
  4984 | D:7      | As you read the scroll of fear, it crumbles to dust.
  4984 | D:7      | You assume a fearsome visage.
  5230 | D:7      | HP: 10/48 [gnoll/+0 flail[a gnoll sergeant] (8)]
  5453 | D:7      | Bought a runed cloak for 217 gold pieces
  5458 | D:7      | As you read the scroll of enchant armour, it crumbles to
                  | dust.
  5458 | D:7      | your +1 cloak glows green for a while.
  5652 | D:7      | Noticed an ancient zyme
  5653 | D:7      | Found a transporter.
  5675 | D:7      | Found a transporter.
  5680 | D:7      | As you read the scroll of identify {@r1}, it crumbles to
                  | dust.
  5720 | D:7      | Noticed a soul eater
  6093 | D:7      | As you read the scroll of fear, it crumbles to dust.
  6093 | D:7      | You assume a fearsome visage.
  6206 | D:7      | Reached skill level 5 in Fighting
  6513 | D:8      | Noticed a hornet
  6646 | D:8      | Reached XP level 9. HP: 54/54 MP: 12/12
  6800 | D:8      | Reached skill level 1 in Hexes
  6800 | D:8      | Reached skill level 1 in Evocations
  6805 | D:8      | As you read the scroll of identify {@r1}, it crumbles to
                  | dust.
  6992 | D:8      | As you read the scroll of identify {@r1}, it crumbles to
                  | dust.
  7025 | D:8      | Reached skill level 9 in Ranged Weapons
  7031 | D:8      | Killed a hornet
  7716 | D:8      | With a horrendous wail, an alarm goes off!
  7716 | D:8      | A sentinel's mark forms upon you.
  7748 | D:8      | The sentinel's mark upon you fades away.
  7926 | D:9      | Found a large runed translucent door.
  7926 | D:9      | Found a large runed translucent door.
  7930 | D:9      | Found a large runed translucent door.
  7990 | D:9      | As you read the scroll of identify {@r1}, it crumbles to
                  | dust.
  7995 | D:9      | Found a transporter.
  7996 | D:9      | Found a transporter.
  8033 | D:9      | As you read the scroll of identify {@r1}, it crumbles to
                  | dust.
  8033 | D:9      | Identified a scroll of acquirement
  8034 | D:9      | Acquired 905 gold pieces
  8123 | D:7      | Bought a pair of runed boots for 217 gold pieces
  8123 | D:7      | Bought a glowing helmet for 217 gold pieces
  8143 | D:7      | Bought a glowing leather armour for 145 gold pieces
  8420 | D:3      | Killed Natasha
  8464 | D:3      | Identified the +9 dagger of Honour {pain, Will+ rCorr SInv}
  8475 | D:3      | Learned a level 4 spell: Flame Wave
  8562 | D:4      | As you read the scroll of immolation, it crumbles to dust.
  8565 | D:4      | Killed Grinder
  8987 | D:4      | Noticed Edmund
  8991 | D:4      | Reached skill level 1 in Conjurations
  8991 | D:4      | Reached skill level 1 in Fire Magic
  9208 | D:5      | You feel clever.
  9208 | D:5      | Reached XP level 10. HP: 59/61 MP: 13/13
  9641 | D:9      | Reached * piety under Sif Muna
  9714 | D:9      | Found a staircase to the Orcish Mines.
  9783 | D:9      | Noticed a two-headed ogre
 10100 | D:9      | Noticed a centaur warrior
 10170 | D:9      | Reached skill level 10 in Ranged Weapons
 10203 | D:9      | Found a large runed translucent door.
 10226 | D:9      | Noticed a centaur warrior
 10240 | D:9      | Killed a centaur warrior
 10241 | D:9      | Reached skill level 5 in Dodging
 10241 | D:9      | Reached skill level 1 in Necromancy
 10242 | D:9      | Identified the ring of Cialusegg {*Corrode Fly rElec rF++
                  | Dex+3}
 10444 | D:8      | Learned a level 3 spell: Vampiric Draining
 10540 | D:9      | Noticed a two-headed ogre
 10915 | D:10     | Entered Level 10 of the Dungeon
 10916 | D:10     | Noticed an oklob plant
 11106 | D:10     | Reached skill level 5 in Evocations
 11229 | D:10     | Identified the +0 leather armour of the Imp {Regen+ rCorr
                  | Dex+6}
 11294 | D:10     | Noticed a komodo dragon
 11389 | D:10     | As you read the scroll of identify {@r1}, it crumbles to
                  | dust.
 11603 | D:10     | Found a staircase to the Lair.
 11859 | D:10     | Killed an oklob plant
 12486 | D:10     | Reached XP level 11. HP: 61/67 MP: 15/15
 12664 | D:10     | Noticed Sonja
 12682 | D:10     | Reached ** piety under Sif Muna
 12687 | D:10     | Sonja evaporates and reforms as a rime drake!
 12687 | D:10     | Sonja changed into Sonja the rime drake
 12687 | D:10     | Noticed Sonja
 12693 | D:10     | Killed Sonja the rime drake
 13060 | Lair:1   | Entered Level 1 of the Lair of Beasts
 13120 | Lair:1   | Learned a level 3 spell: Inner Flame
 13544 | Lair:1   | Noticed a death yak
 13562 | Lair:1   | As you read the scroll of fear, it crumbles to dust.
 13562 | Lair:1   | You assume a fearsome visage.
 13563 | Lair:1   | As you read the scroll of fear, it crumbles to dust.
 13563 | Lair:1   | You assume a fearsome visage.
 13856 | Lair:1   | Reached skill level 5 in Conjurations
 13856 | Lair:1   | Reached skill level 5 in Fire Magic
 13956 | Lair:1   | As you read the scroll of teleportation, it crumbles to
                  | dust.
 13956 | Lair:1   | You feel strangely unstable.
 13956 | Lair:1   | HP: 15/67 [black mamba (3)]
 13959 | Lair:1   | Your surroundings suddenly seem different.
 13961 | Lair:1   | HP: 16/67 [poisoned by a black mamba]
 14135 | Lair:1   | Being near the torpor snail leaves you feeling lethargic.
 14150 | Lair:1   | HP: 16/67 [poisoned by a black mamba]
 14160 | Lair:1   | Slain by a dream sheep

Illustrated notes

Levels and vault maps discovered:
D:1:      ncdulo_smallfort, layout_loops_ring
D:2:      layout_loops_cross, minmay_joined_circles, uniq_robin
D:3:      layout_loops_ring, dilly_guarded_unrand_morg
D:4:      layout_gridville, kb_xom_exploding_sheep, uniq_blork_the_orc,
          uniq_grinder, uniq_duvessa, uniq_edmund
D:5:      layout_loops_ring, general_overflow_altar
D:6:      layout_rooms, okawaru_gym_becter, minmay_temple_entry_wispy
D:7:      layout_basic, serial_shops, nicolae_diamond_shop,
          gammafunk_ghost_abyssal_escape, kennysheep_generic_room_8
D:8:      layout_basic, kennysheep_boxes
D:9:      gammafunk_beogh_shrine, layout_layer_cave, orc_0_dummy,
          minmay_hollow_rounded_squares
D:10:     minmay_flawed_box, layout_rooms, dpeg_oklobed_lair, uniq_sonja
D:11:     layout_cave_pools, hellmonk_guarded_unrand_frostbite, uniq_grum,
          uniq_urug, uniq_lodul
Temple:   hellmonk_temple_of_storms
Lair:1:   gammafunk_lair_enchanted_lake, layout_gridlike

Skill      XL: |  1  2  3  4  5  6  7  8  9 10 11 |
---------------+----------------------------------+-----
Stealth        | 2 3 4 5 6 7 8 9 |  9.6
Ranged Weapons | 6 7 8 9 10 | 10.8
Fighting       | 3 4 5 6 7 |  7.5
Ice Magic      | 1 3 4 |  4.4
Spellcasting   | 1 2 3 4 |  4.6
Dodging        | 3 4 5 6 |  6.0
Hexes          | 2 3 |  3.2
Evocations     | 4 5 |  5.8
Conjurations   | 1 3 5 |  5.1
Fire Magic     | 1 4 5 |  5.1
Necromancy     | 2 3 |  3.0
Short Blades   | |  0.2
Armour         | |  0.9

Action                     |  1- 3 |  4- 6 |  7- 9 | 10-12 || total
---------------------------+-------+-------+-------+-------++-------
  Melee: Dagger            |       |     5 |    20 |    33 ||    58
   Fire: Shortbow          |    90 |    56 |       |       ||   146
         Sling             |       |    71 |   266 |   341 ||   678
   Cast: Ozocubu's Armour  |       |       |     1 |    16 ||    17
         Tukima's Dance    |       |       |    11 |     2 ||    13
         Inner Flame       |       |       |       |     4 ||     4
  Evoke: Wand              |       |       |     5 |    10 ||    15
    Use: Scroll            |     1 |    13 |    10 |     4 ||    28
         Potion            |       |       |     1 |     1 ||     2
   Stab: Sleeping          |       |     5 |     4 |     7 ||    16
         Invisible         |       |       |     3 |       ||     3
 Armour: Leather armour    |     3 |       |       |   121 ||   124
         Robe              |    16 |    36 |   107 |    72 ||   231
  Dodge: Dodged            |    20 |    44 |   142 |   231 ||   437

Table legend: (Time is in decaauts)
 A = Elapsed time spent in this place.
 B = Non-inter-level travel time spent in this place.
 C = Inter-level travel time spent in this place.
 D = Time resting spent in this place.
 E = Time spent auto-exploring this place.
 F = Levels seen in this place.
 G = Mean time per level.
                   A        B        C        D        E       F      G
               +--------+--------+--------+--------+--------+-----+--------+
         Total |  14131 |  12979 |   1152 |   2575 |   7418 |  13 | 1087.0 |
       Dungeon |  13109 |  11963 |   1146 |   2260 |   7089 |  11 | 1191.7 |
        Temple |     20 |     14 |      6 |      0 |      0 |   1 |   20.0 |
          Lair |   1001 |   1001 |      0 |    315 |    329 |   1 | 1001.0 |
               +--------+--------+--------+--------+--------+-----+--------+

Top non-repeatable levels by time:
     D:7: 2218 daAuts
    D:10: 2204 daAuts
     D:8: 1602 daAuts
     D:9: 1466 daAuts
     D:5: 1075 daAuts
  Lair:1: 1001 daAuts
     D:2: 999 daAuts
     D:1: 984 daAuts
     D:3: 959 daAuts
     D:4: 850 daAuts
     D:6: 727 daAuts
    D:11: 22 daAuts
  Temple: 20 daAuts
